 Dungeon Crawl Stone Soup version 0.31.0-11-ge490571c62 (webtiles) character file.

Game seed: 7354933067788950067

2274 qw the Nimble (level 9, -8/44 HPs)
             Began as a Spriggan Hunter on Feb 4, 2024.
             Was a Priest of Okawaru.
             Mangled by an orc warrior
             ... wielding a +1 short sword of speed
              (9 damage)
             ... on level 8 of the Dungeon.
             The game lasted 00:00:38 (6009 turns).

qw the Nimble (Spriggan Hunter)                     Turns: 6009, Time: 00:00:39

Health: -8/44      AC:  5    Str:  7    XL:     9   Next: 16%
Magic:  22/22      EV: 28    Int: 14    God:    Okawaru [***...]
Gold:   133        SH:  0    Dex: 26    Spells: 8/8 levels left

rFire   + . .        c - +2 sling of Cheibriados's Scorn {freeze, MP+9 Int+4 Dex+3}
rCold   . . .        (no shield)
rNeg    . . .        m - +0 robe {Will+}
rPois   .            (helmet restricted)
rElec   .            h - +2 cloak
rCorr   .            (gloves unavailable)
SInv    +            (boots unavailable)
Will    ++...        (no amulet)
Stlth   ++           j - ring of protection from fire
HPRegen 0.27/turn    (no ring)
MPRegen 0.18/turn

%: no passive effects
@: about to teleport, very quick
A: very small, no large weapons, unfitting armour, see invisible, speed 3
a: Renounce Religion, Heroism


You were on level 8 of the Dungeon.
You worshipped Okawaru.
Okawaru was most pleased with you.
You visited 1 branch of the dungeon, and saw 8 of its levels.

You collected 289 gold pieces.
You spent 156 gold pieces at shops.


Innate Abilities, Weirdness & Mutations

You are very small and have problems with some larger weapons.
You are too small for most types of armour.
You have supernaturally acute eyesight. (SInv)
You cover ground extremely quickly. (Speed+++)


   Skills:
 - Level 3.3 Fighting
 - Level 9.0 Ranged Weapons
 + Level 9.9 Dodging
 - Level 1.5 Stealth
 - Level 4.0 Invocations


You had 8 spell levels left.
You didn't know any spells.
Your spell library was empty.

Inventory:

Hand Weapons
 c - the +2 sling of Cheibriados's Scorn (weapon) {freeze, MP+9 Int+4 Dex+3}
   (You bought it in a shop on level 7 of the Dungeon)

   Int+4:     It affects your intelligence (+4).
   Dex+3:     It affects your dexterity (+3).
   MP+9:      It affects your magic capacity (+9).
Armour
 h - a +2 cloak (worn)
 m - a +0 robe of willpower (worn)
Jewellery
 j - a ring of protection from fire (left hand)
Wands
 b - a wand of acid (6)
 i - a wand of mindburst (11)
Potions
 d - 2 potions of resistance
 f - 4 potions of might
 g - a potion of enlightenment
 k - 3 potions of curing
 o - a potion of attraction {unknown}
 p - a potion of magic {unknown}
 q - a potion of heal wounds {unknown}
 r - a potion of cancellation {unknown}

Dungeon Overview and Level Annotations

Branches:
Dungeon (8/15)             Temple (0/1) D:4
   Lair: D:8-11

Altars:
Cheibriados
Elyvilon
Gozag
Nemelex Xobeh
Okawaru
Ru
Sif Muna
Vehumet
Xom
Yredelemnul
Zin

Shops:
D:4 [   D:7 (

Annotations:
D:2 1 runed translucent door, Crazy Yiuf
D:3 2 transporters, 1 runed translucent door, qw's ghost, amateur SpHu


Message History

The sling bullet closely misses the orc warrior.
The orc warrior hits you but does no damage.
The orc closely misses you.
You shoot a sling bullet.
The sling bullet hits the orc warrior but does no damage.
The orc warrior is moderately wounded.
The orc warrior completely misses you. The orc misses you.
The orc warrior completely misses you.
You shoot a sling bullet. The sling bullet hits the orc warrior!
The sling bullet freezes the orc warrior.
The orc warrior is heavily wounded.
The orc warrior closely misses you. The orc misses you.
You shoot a sling bullet.
The sling bullet hits the orc warrior but does no damage.
The orc warrior is heavily wounded.
The orc warrior completely misses you.
The orc warrior hits you with a +1 short sword of speed!
You shoot a sling bullet.
The sling bullet completely misses the orc warrior.
The orc misses you. The orc warrior completely misses you.
You shoot a sling bullet. The sling bullet hits the orc warrior.
The sling bullet freezes the orc warrior.
The orc warrior is severely wounded.
The orc completely misses you.
The orc warrior hits you with a +1 short sword of speed.
The orc warrior hits you with a +1 short sword of speed!
6007 ||| READING scroll of teleportation.
As you read the scroll of teleportation, it crumbles to dust.
You feel strangely unstable. The orc misses you. The orc warrior misses you.
You shoot a sling bullet.
The sling bullet hits the orc warrior but does no damage.
The orc warrior is severely wounded.
The orc hits you with a +0 falchion. The orc warrior completely misses you.
You shoot a sling bullet.
The sling bullet hits the orc warrior but does no damage.
The orc warrior is severely wounded.
The orc warrior closely misses you. The orc hits you with a +0 falchion.
The orc warrior hits you with a +1 short sword of speed!
You die...

#...#...>..#
########...#......#
#..........#......#
#..........#......# .
#..........#......# ...
#...[.##...'......+
....##.....##...#......#
...........'....#......#
.......@o..#....#......#
########o########......#
oo.....[...####<
...........# #.
...........# +.
...........# #.
######.....# #. #.....#
#. #.....# ##


You could see an orc warrior and 3 orcs.

Vanquished Creatures
  A wraith (D:6)
  A steam dragon (D:8)
  2 ice beasts
  2 ogres
  A centaur (D:7)
  A bullfrog (D:7)
  9 scorpions
  A ballistomycete (D:6)
  5 killer bees (D:7)
  5 bombardier beetles
  3 hounds
  An orc priest (D:4)
  2 sleepcaps
  5 iguanas
  2 orc wizards
  10 adders
  2 shadow imps
  A white imp (D:8)
  2 dart slugs
  12 orcs
  9 ball pythons
  11 bats
  7 endoplasms
  3 giant cockroaches
  7 goblins
  5 hobgoblins
  8 jackals
  4 quokkas
  3 frilled lizards (D:1)
  10 kobolds
  6 rats
  A ballistomycete spore (D:6)
142 creatures vanquished.

Notes
Turn   | Place    | Note
-------+----------+-------------------------------------------
     0 | D:1      | qw the Spriggan Hunter began the quest for the Orb.
     0 | D:1      | Reached XP level 1. HP: 10/10 MP: 2/2
     0 | D:1      | 0 ||| qw: Version: 0.3-a-160-g6735b56
     0 | D:1      | 0 ||| qw: Game counter: 5186
     0 | D:1      | 0 ||| qw: Melee chars always use a shield: true
     0 | D:1      | 0 ||| qw: God list: Okawaru
     0 | D:1      | 0 ||| qw: Allow faded altars: false
     0 | D:1      | 0 ||| qw: Do Orc after clearing Dungeon:15 true
     0 | D:1      | 0 ||| qw: Do second Lair branch before Depths: true
     0 | D:1      | 0 ||| qw: Lair rune preference: random
     0 | D:1      | 0 ||| qw: Goals: Normal
     0 | D:1      | 0 ||| PLANNING D:1-11
    44 | D:1      | Reached skill level 3 in Dodging
    73 | D:1      | Reached XP level 2. HP: 13/14 MP: 3/3
   431 | D:1      | Reached XP level 3. HP: 18/18 MP: 4/4
   510 | D:1      | Found a faded altar of an unknown god.
   690 | D:1      | 690 ||| READING scroll labelled QIMMAF TIANIFO.
   691 | D:1      | 691 ||| READING scroll labelled ZANOKL FYLOICUN.
   692 | D:1      | 692 ||| DROPPING scroll of butterflies.
  1475 | D:2      | Found a runed translucent door.
  1476 | D:2      | Noticed Crazy Yiuf
  1479 | D:2      | 1479 ||| UPGRADING to +0 cloak.
  1484 | D:2      | 1484 ||| READING 2 scrolls labelled PIMURE SAUNAU.
  1485 | D:2      | 1485 ||| READING scroll labelled NOMIRA UQOSCHI.
  1485 | D:2      | 1485 ||| BRANDING +0 shortbow.
  1486 | D:2      | 1486 ||| READING scroll labelled TUNLODOMMI.
  1486 | D:2      | 1486 ||| ENCHANTING +0 shortbow of freezing.
  1487 | D:2      | 1487 ||| READING scroll labelled XEMUMOGEYL.
  1546 | D:2      | 1546 ||| READING 3 scrolls labelled XATEMY SEMA.
  1547 | D:2      | 1547 ||| READING scroll labelled TOMUSCHA MYMO.
  1648 | D:2      | 1648 ||| READING scroll labelled SAOKIREZEM.
  1649 | D:2      | 1649 ||| DRINKING 2 bubbling golden potions.
  1650 | D:2      | 1650 ||| DROPPING scroll of noise.
  1651 | D:2      | 1651 ||| DROPPING 2 scrolls of blinking.
  1653 | D:2      | 1653 ||| Stepping ~*~*~tactically~*~*~ (cloud).
  1661 | D:2      | HP: 4/18 [poisoned by you (poison gas)]
  1935 | D:3      | Found an iron altar of Okawaru.
  1936 | D:3      | 1936 ||| PLANNING OKAWARU WORSHIP
  1936 | D:3      | 1936 ||| READING scroll labelled ZAOZES KUATALL.
  1946 | D:3      | Reached XP level 4. HP: 16/22 MP: 5/5
  1970 | D:3      | Became a worshipper of Warmaster Okawaru
  1971 | D:3      | 1971 ||| PLANNING D:1-11
  2185 | D:3      | 2185 ||| READING scroll of enchant weapon.
  2185 | D:3      | 2185 ||| ENCHANTING +1 shortbow of freezing.
  2194 | D:3      | Found a transporter.
  2202 | D:3      | Reached XP level 5. HP: 26/26 MP: 6/6
  2246 | D:3      | Found a transporter.
  2266 | D:3      | 2266 ||| UPGRADING to ring of protection from fire.
  2267 | D:3      | 2267 ||| READING scroll labelled SITUEH KUMUE.
  2269 | D:3      | 2269 ||| FLEEEEING.
  2270 | D:3      | 2270 ||| FLEEEEING.
  2271 | D:3      | 2271 ||| FLEEEEING.
  2273 | D:3      | 2273 ||| FLEEEEING.
  2330 | D:3      | Found a sacrificial altar of Ru.
  2423 | D:3      | Found a runed translucent door.
  2426 | D:3      | Noticed qw's ghost (amateur SpHu)
  2705 | D:4      | Found Fisy's Armour Shoppe.
  2724 | D:4      | Reached skill level 6 in Ranged Weapons
  2726 | D:4      | Reached * piety under Okawaru
  2727 | D:4      | Reached XP level 6. HP: 30/30 MP: 7/7
  2729 | D:4      | 2729 ||| SHOPLISTING +2 robe of willpower (177 gold, have
                  | 147).
  2806 | D:4      | Reached skill level 1 in Invocations
  2835 | D:4      | Reached skill level 6 in Dodging
  2906 | D:4      | 2906 ||| UPGRADING to +0 robe of willpower.
  2919 | D:4      | 2919 ||| DROPPING +0 robe.
  2920 | D:4      | 2920 ||| READING scroll labelled URRET KAIH.
  3021 | D:4      | 3021 ||| READING 2 scrolls labelled VOIXUI DUYVIDAE.
  3021 | D:4      | 3021 ||| IDENTIFYING coppery potion
  3022 | D:4      | 3022 ||| READING scroll of identify.
  3022 | D:4      | 3022 ||| IDENTIFYING white potion
  3023 | D:4      | 3023 ||| DROPPING potion of brilliance.
  3144 | D:4      | 3144 ||| READING scroll of enchant weapon.
  3144 | D:4      | 3144 ||| ENCHANTING +2 shortbow of freezing.
  3178 | D:4      | Found a staircase to the Ecumenical Temple.
  3266 | D:4      | Reached XP level 7. HP: 35/35 MP: 8/10
  3375 | D:4      | 3375 ||| READING scroll of identify.
  3375 | D:4      | 3375 ||| IDENTIFYING bubbling emerald potion
  3385 | D:3      | Found a basalt altar of Yredelemnul.
  3385 | D:3      | Found a radiant altar of Vehumet.
  3422 | D:5      | Entered Level 5 of the Dungeon
  3427 | D:5      | Reached skill level 3 in Invocations
  3462 | D:5      | Reached ** piety under Okawaru
  3622 | D:5      | Found a glowing silver altar of Zin.
  3623 | D:5      | Noticed an angel
  3888 | D:5      | 3888 ||| READING scroll of identify.
  3888 | D:5      | 3888 ||| IDENTIFYING fuming inky potion
  3889 | D:5      | 3889 ||| READING scroll labelled BUINTO VA EDIB.
  3954 | D:6      | Reached XP level 8. HP: 24/39 MP: 12/12
  3955 | D:6      | Reached *** piety under Okawaru
  4046 | D:6      | 4046 ||| READING scroll of enchant weapon.
  4046 | D:6      | 4046 ||| ENCHANTING +3 shortbow of freezing.
  4053 | D:6      | 4053 ||| READING scroll of brand weapon.
  4053 | D:6      | 4053 ||| BRANDING +4 shortbow of freezing.
  4096 | D:6      | Found a sparkling altar of Nemelex Xobeh.
  4167 | D:6      | Found an opulent altar of Gozag.
  4288 | D:6      | Found a snail-covered altar of Cheibriados.
  4646 | D:6      | 4646 ||| READING scroll of identify.
  4646 | D:6      | 4646 ||| IDENTIFYING purple potion
  4647 | D:6      | 4647 ||| READING scroll labelled MEWITA EROIH TIRO.
  4647 | D:6      | 4647 ||| ENCHANTING +0 cloak.
  4824 | D:7      | 4824 ||| INVOKING Heroism.
  4830 | D:7      | 4830 ||| DRINKING potion of haste.
  4838 | D:7      | 4838 ||| FLEEEEING.
  4839 | D:7      | 4839 ||| FLEEEEING.
  4840 | D:7      | 4840 ||| FLEEEEING.
  4841 | D:7      | 4841 ||| FLEEEEING.
  4842 | D:7      | 4842 ||| FLEEEEING.
  4843 | D:7      | 4843 ||| FLEEEEING.
  4846 | D:7      | 4846 ||| FLEEEEING.
  4849 | D:7      | 4849 ||| FLEEEEING.
  4850 | D:7      | 4850 ||| FLEEEEING.
  4851 | D:7      | 4851 ||| FLEEEEING.
  4852 | D:7      | 4852 ||| FLEEEEING.
  4853 | D:7      | 4853 ||| FLEEEEING.
  4855 | D:7      | 4855 ||| FLEEEEING.
  4857 | D:7      | 4857 ||| FLEEEEING.
  4858 | D:7      | 4858 ||| FLEEEEING.
  4859 | D:7      | 4859 ||| FLEEEEING.
  4860 | D:7      | 4860 ||| FLEEEEING.
  4861 | D:7      | 4861 ||| FLEEEEING.
  4862 | D:7      | 4862 ||| FLEEEEING.
  4863 | D:7      | 4863 ||| FLEEEEING.
  4864 | D:7      | 4864 ||| FLEEEEING.
  4865 | D:7      | 4865 ||| FLEEEEING.
  4866 | D:7      | 4866 ||| FLEEEEING.
  4867 | D:7      | 4867 ||| FLEEEEING.
  4868 | D:7      | 4868 ||| FLEEEEING.
  4869 | D:7      | 4869 ||| FLEEEEING.
  4870 | D:7      | 4870 ||| FLEEEEING.
  4871 | D:7      | 4871 ||| FLEEEEING.
  4876 | D:7      | 4876 ||| STAIRDANCE
  4970 | D:7      | 4970 ||| STAIRDANCE
  4972 | D:6      | 4972 ||| INVOKING Heroism.
  4975 | D:6      | Reached skill level 3 in Fighting
  5154 | D:7      | Found a white marble altar of Elyvilon.
  5155 | D:7      | Found a shimmering blue altar of Sif Muna.
  5156 | D:7      | Found a shimmering altar of Xom.
  5271 | D:7      | Found Gugosyty's Antique Weapon Boutique.
  5286 | D:7      | 5286 ||| BUYING crystal sling (156 gold).
  5286 | D:7      | Bought a crystal sling for 156 gold pieces
  5286 | D:7      | Identified the +2 sling of Cheibriados's Scorn {freeze,
                  | MP+9 Int+4 Dex+3} (You bought it in a shop on level 7 of
                  | the Dungeon)
  5286 | D:7      | 5286 ||| SWAPPING to +2 sling of Cheibriados's Scorn
                  | {freeze, MP+9 Int+4 Dex+3}.
  5306 | D:7      | 5306 ||| RETREEEEATING.
  5307 | D:7      | 5307 ||| RETREEEEATING.
  5308 | D:7      | 5308 ||| RETREEEEATING.
  5309 | D:7      | 5309 ||| RETREEEEATING.
  5310 | D:7      | 5310 ||| RETREEEEATING.
  5311 | D:7      | 5311 ||| RETREEEEATING.
  5312 | D:7      | 5312 ||| RETREEEEATING.
  5313 | D:7      | 5313 ||| RETREEEEATING.
  5318 | D:7      | 5318 ||| RETREEEEATING.
  5320 | D:7      | 5320 ||| RETREEEEATING.
  5321 | D:7      | 5321 ||| RETREEEEATING.
  5322 | D:7      | 5322 ||| RETREEEEATING.
  5323 | D:7      | 5323 ||| RETREEEEATING.
  5324 | D:7      | 5324 ||| RETREEEEATING.
  5325 | D:7      | 5325 ||| RETREEEEATING.
  5326 | D:7      | 5326 ||| RETREEEEATING.
  5327 | D:7      | 5327 ||| RETREEEEATING.
  5328 | D:7      | 5328 ||| RETREEEEATING.
  5329 | D:7      | 5329 ||| RETREEEEATING.
  5335 | D:7      | HP: 10/40 [killer bee (5)]
  5336 | D:7      | 5336 ||| READING 2 scrolls of teleportation.
  5450 | D:7      | 5450 ||| DROPPING +4 shortbow of chaos.
  5480 | D:7      | Reached skill level 9 in Dodging
  5480 | D:7      | Reached XP level 9. HP: 33/44 MP: 13/13
  5623 | D:7      | Reached skill level 9 in Ranged Weapons
  5714 | D:7      | 5714 ||| READING scroll of enchant armour.
  5714 | D:7      | 5714 ||| ENCHANTING +1 cloak.
  6006 | D:8      | HP: 7/44 [orc warrior/+1 short sword of speed (10)]
  6007 | D:8      | 6007 ||| READING scroll of teleportation.
  6009 | D:8      | HP: 1/44 [orc/+0 falchion (5)]
  6009 | D:8      | Mangled by an orc warrior

Levels and vault maps discovered:
D:1:      reono_arrival_forest_river, layout_loops_ring,
          shapermc_ecumenical_altar_mp_vishouse
D:2:      layout_basic, uniq_crazy_yiuf_cottage
D:3:      gammafunk_wand_slinger, layout_loops_cross,
          nicolae_ru_great_annihilating_truth, nicolae_overflow_hidden_temple,
          mainiacjoe_overflow_24_doors, ebering_ghost_reflecting_pool
D:4:      layout_cave_pools, minmay_temple_entry_hall, serial_shops,
          shop_statue, kennysheep_potato
D:5:      layout_basic, zin_angel, kennysheep_generic_room_10
D:6:      layout_gridville, grunt_gozag_statues, lemuel_crystal_altar,
          mainiacjoe_overflow_cross_hatched
D:7:      old_forge, layout_gridville,
          chequers_temple_overflow_statue_of_worship, serial_shops, shop,
          minmay_microvault
D:8:      layout_gridville, lair_entry_dummy, minmay_tree_intersection

Skill      XL: |  1  2  3  4  5  6  7  8  9 |
---------------+----------------------------+-----
Dodging        | 3 4 5 6 7 9 |  9.9
Ranged Weapons | 5 6 7 8 9 |  9.0
Fighting       | 2 3 |  3.3
Invocations    | 2 4 |  4.0
Stealth        | |  1.5

Action                     |  1- 3 |  4- 6 |  7- 9 || total
---------------------------+-------+-------+-------++-------
   Fire: Shortbow          |   103 |   108 |   123 ||   334
         Sling             |       |       |    96 ||    96
 Invoke: Heroism           |       |       |     2 ||     2
    Use: Scroll            |    10 |     6 |    10 ||    26
         Potion            |     1 |       |     1 ||     2
 Armour: Robe              |    15 |     9 |    34 ||    58
  Dodge: Dodged            |    27 |    22 |   121 ||   170

Table legend:
 A = Non-vault XP
 B = Vault XP
 C = Vault XP percentage of total XP
 D = Non-vault monster count
 E = Vault monster count
 F = Vault count percentage of total count
                 A         B        C        D         E       F
            +---------+---------+-------+---------+---------+-------
      Total |    2722 |     527 |  16.2 |     125 |      16 |  11.3
            +---------+---------+-------+---------+---------+-------
        D:1 |      50 |       0 |   0.0 |      29 |       0 |   0.0
        D:2 |      21 |       0 |   0.0 |      12 |       0 |   0.0
        D:3 |     158 |      40 |  20.2 |      18 |       4 |  18.2
        D:4 |     538 |      15 |   2.7 |      24 |       2 |   7.7
        D:5 |     462 |       0 |   0.0 |      14 |       0 |   0.0
        D:6 |     468 |     209 |  30.9 |       7 |       1 |  12.5
        D:7 |     832 |     263 |  24.0 |      19 |       9 |  32.1
        D:8 |     193 |       0 |   0.0 |       2 |       0 |   0.0
            +---------+---------+-------+---------+---------+-------
